 Dungeon Crawl Stone Soup version 0.31.0-7-gf635a9b802 (webtiles) character file.

Game seed: 737179281515377426

6558 Crownlay the Fighter (level 10, 0/85 HPs)
             Began as a Djinni Monk on Jan 23, 2024.
             Was a Priest of Ru.
             Slain by a three-headed hydra (5 damage)
             ... on level 9 of the Dungeon.
             The game lasted 00:13:21 (8432 turns).

Crownlay the Fighter (Djinni Monk)                  Turns: 8432, Time: 00:13:21

Health: 0/85       AC: 15    Str: 10    XL:     10   Next: 20%
Gold:   495        EV: 14    Int: 17    God:    Ru [***...] SH:  0 Dex: 21

rFire   + + .        o - staff of earth
rCold   x . .        d - orb {light}
rNeg    . . .        E - +0 steam dragon scales
rPois   ∞            s - +2 helmet {SInv}
rElec   .            (no cloak)
rCorr   .            (no gloves)
SInv    +            (boots unavailable)
Will    +....        (no amulet)
Stlth   +            r - +6 ring of dexterity
HPRegen 0.34/turn    (no ring)
MPRegen 0.00/turn

%: infuse magic (-1 HP)
@: ice-armoured, flying, glowing
A: sickness immunity, fire resistance 2, cold vulnerability 1, inability to
train armour, inexperienced 1, float, innate caster, HP casting, extra vitality
1
a: Renounce Religion, Draw Out Power


You were on level 9 of the Dungeon.
You worshipped Ru.
Ru was most pleased with you.
You visited 2 branches of the dungeon, and saw 10 of its levels.

You collected 495 gold pieces.

Inventory:

Hand Weapons
 w - the +10 long sword "Keesak" {freeze, rC+}
   (You found it on level 5 of the Dungeon)

   rC+:       It protects you from cold.
Armour
 d - an orb of light (worn)
 s - a +2 helmet of see invisible (worn)
 E - +0 steam dragon scales (worn)
Magical Staves
 o - a staff of earth (weapon)
Jewellery
 r - a +6 ring of dexterity (left hand)
Wands
 m - a wand of polymorph (4)
 x - a wand of flame (14)
Scrolls
 b - a scroll of torment {unknown}
 f - 3 scrolls of noise {unknown}
 h - 9 scrolls of identify {unknown}
 j - 3 scrolls of fog {unknown}
 k - 3 scrolls of enchant weapon {unknown}
 n - 2 scrolls of poison {unknown}
 u - a scroll of fear {unknown}
 v - a scroll of teleportation {unknown}
 y - a scroll of blinking {unknown}
 B - a scroll of silence {unknown}
Potions
 a - 2 potions of heal wounds {unknown}
 c - a potion of ambrosia
 e - 4 potions of curing {unknown}
 g - 3 potions of berserk rage {unknown}
 i - 4 potions of might {unknown}
 l - 2 potions of magic {unknown}
 p - a potion of enlightenment {unknown}
 q - a potion of haste {unknown}
 t - 4 potions of lignification {unknown}
 A - 2 potions of brilliance {unknown}
 C - 3 potions of invisibility {unknown}
 D - a potion of cancellation {unknown}


   Skills:
 * Level 12.4 Fighting
 - Level 2.6(5.2) Short Blades
 * Level 7.0(7.3) Long Blades
 - Level 3.2 Dodging
 + Level 6.0 Spellcasting
 + Level 6.0 Conjurations
 + Level 6.0 Hexes
   Level 0.0 Charms
 + Level 6.0 Summonings
 + Level 6.0 Necromancy
 + Level 6.0 Translocations
   Level 0.0 Transmutations
 + Level 6.0 Fire Magic
 + Level 6.0 Ice Magic
 + Level 6.0 Air Magic
 + Level 6.0 Earth Magic
 + Level 6.0 Alchemy


You knew the following spells:

 Your Spells              Type           Power      Damage    Failure   Level
a - Summon Small Mammal   Summ           100%       N/A       1%          1
b - Mercury Vapours       Alch/Air       50%        N/A       1%          2
c - Ozocubu's Armour      Ice            25%        N/A       3%          3
d - Passwall              Erth           38%        N/A       3%          3
Your spell library was empty.

Dungeon Overview and Level Annotations

Branches:
Dungeon (9/15)             Temple (1/1) D:6            Lair (0/5) D:8
    Orc (0/2) D:9

Altars:
Ashenzari
Cheibriados
Dithmenos
Elyvilon
Fedhas
Gozag
Hepliaklqana
Makhleb
Nemelex Xobeh
Okawaru
Qazlal
Ru
Trog
Uskayaw
Wu Jian
Xom
Yredelemnul
Zin
The Shining One

Shops:
D:8 [

Annotations:
D:3 1 runed translucent door, Crazy Yiuf
D:6 3 runed translucent doors, vival's ghost, novice HuCj


Innate Abilities, Weirdness & Mutations

You are immune to sickness and miasma.
You are immune to poison.
Your flesh is very heat resistant. (rF++)
You are vulnerable to cold. (rC-)
You cannot train Armour skill.
You are somewhat inexperienced. (-1 XL)
You float through the air rather than walking.
You learn spells naturally, not from books.
Your magical power is your life essence.
You have superior vitality. (+4 MHP)


Message History

The three-headed hydra closely misses you.
The three-headed hydra bites you but does no damage.
Throw: 2 darts (curare)
Press: ? - help, Q - select action, (/) - cycle Shift-Dir - straight line, f - three-headed hydra
Aim: a three-headed hydra (lightly wounded, haloed, 97% to hit)
You throw a curare-tipped dart.
The curare-tipped dart hits the three-headed hydra.
The three-headed hydra is lightly wounded.
The three-headed hydra bites you but does no damage. x2
The three-headed hydra bites you.
* * * LOW HITPOINT WARNING * * *
You hit the three-headed hydra.
The three-headed hydra is lightly wounded.
The three-headed hydra barely misses you. x2
The three-headed hydra bites you.
* * * LOW HITPOINT WARNING * * *
The three-headed hydra closely misses you.
The three-headed hydra bites you.
* * * LOW HITPOINT WARNING * * *
The three-headed hydra closely misses you.
Throw: dart (curare)
Press: ? - help, Q - select action, (/) - cycle Shift-Dir - straight line, f/p - three-headed hydra
Aim: a three-headed hydra (lightly wounded, haloed, 97% to hit)
You throw a curare-tipped dart.
The curare-tipped dart hits the three-headed hydra.
The three-headed hydra is lightly wounded.
The three-headed hydra bites you.
* * * LOW HITPOINT WARNING * * *
The three-headed hydra misses you.
The three-headed hydra bites you but does no damage.
Unknown command.
You hit the three-headed hydra.
The three-headed hydra is lightly wounded.
The three-headed hydra bites you but does no damage.
The three-headed hydra misses you.
The three-headed hydra bites you but does no damage.
You hit the three-headed hydra.
The three-headed hydra is lightly wounded.
The three-headed hydra bites you.
You die...

.)...##########.#....#....
..#..#..#.....#.#.........
...#..#..'.♣.♣.#...........
.. ...#..'.†♣.~#.........##
.. #..'.♣.♣.†.###.......
#..#.)...#<# .......
#+##P~P.~#..# .....##
#..#~~)~P#### ....##
#.KD@P~PP# .### ##########


You could see a three-headed hydra and a kobold brigand.

Vanquished Creatures
  A two-headed ogre (D:9)
  Prince Ribbit (D:6)
  2 dream sheep (D:9)
  A hornet (D:8)
  Eustachio (D:5)
  4 yaks (D:9)
  2 wyverns (D:8)
  A basilisk (D:8)
  A steam dragon (D:9)
  Menkaure (D:6)
  An acid dragon (D:6)
  Duvessa (D:6)
  5 water moccasins
  An ice beast (D:7)
  4 sky beasts
  3 black bears (D:8)
  2 ogres
  A wolf (D:8)
  2 centaurs (D:8)
  3 kobold brigands
  5 bullfrogs
  Blork the orc (D:5)
  2 scorpions
  9 wights
  Dowan (D:6)
  2 howler monkeys (D:8)
  An electric eel (D:6)
  2 bombardier beetles
  3 hounds
  A gnoll bouda (D:8)
  3 jellies
  2 sleepcaps
  2 iguanas (D:6)
  Ijyb (D:3)
  An orc wizard (D:7)
  Robin (D:3)
  8 adders
  4 gnolls (D:8)
  A shadow imp (D:8)
  5 dart slugs
  A ribbon worm (D:2)
  17 orcs
  8 ball pythons
  10 endoplasms
  5 giant cockroaches
  8 goblins
  16 hobgoblins
  7 jackals (D:1)
  10 kobolds
  4 quokkas
  7 bats
  2 frilled lizards
  8 rats
196 creatures vanquished.

Vanquished Creatures (collateral kills)
  A ball python (D:2)
  A giant cockroach (D:1)
  A jackal (D:1)
  A kobold (D:2)
4 creatures vanquished.

Grand Total: 200 creatures vanquished

Notes
Turn   | Place    | Note
-------+----------+-------------------------------------------
     0 | D:1      | Crownlay the Djinni Monk began the quest for the Orb.
     0 | D:1      | Reached XP level 1. HP: 20/20 MP: 0/0
   192 | D:1      | Reached XP level 2. HP: 23/25 MP: 0/0
   387 | D:1      | Reached XP level 3. HP: 20/30 MP: 0/0
   387 | D:1      | Learned a level 1 spell: Summon Small Mammal
   505 | D:1      | Reached skill level 1 in Spellcasting
   505 | D:1      | Reached skill level 1 in Conjurations
   505 | D:1      | Reached skill level 1 in Hexes
   505 | D:1      | Reached skill level 1 in Summonings
   505 | D:1      | Reached skill level 1 in Necromancy
   505 | D:1      | Reached skill level 1 in Translocations
   505 | D:1      | Reached skill level 1 in Fire Magic
   505 | D:1      | Reached skill level 1 in Ice Magic
   505 | D:1      | Reached skill level 1 in Air Magic
   505 | D:1      | Reached skill level 1 in Earth Magic
   505 | D:1      | Reached skill level 1 in Alchemy
   754 | D:1      | Reached skill level 4 in Fighting
   819 | D:1      | Reached XP level 4. HP: 23/37 MP: 0/0
  1845 | D:2      | Reached XP level 5. HP: 40/42 MP: 0/0
  1845 | D:2      | Learned a level 2 spell: Mercury Vapours
  2214 | D:3      | Noticed Ijyb
  2235 | D:3      | Killed Ijyb
  2245 | D:3      | Noticed Robin
  2252 | D:3      | Reached skill level 5 in Fighting
  2272 | D:3      | Killed Robin
  2273 | D:3      | Reached XP level 6. HP: 47/49 MP: 0/0
  2663 | D:3      | Found a runed translucent door.
  2664 | D:3      | Noticed Crazy Yiuf
  2845 | D:4      | Noticed an ogre
  2860 | D:4      | Killed an ogre
  3077 | D:4      | Reached skill level 6 in Fighting
  3165 | D:4      | Reached XP level 7. HP: 54/56 MP: 0/0
  3165 | D:4      | Learned a level 3 spell: Ozocubu's Armour
  3221 | D:4      | Found a shimmering altar of Xom.
  3227 | D:4      | Found a hide-covered altar of Uskayaw.
  3741 | D:5      | Entered Level 5 of the Dungeon
  3829 | D:5      | Noticed an acid dragon
  3952 | D:5      | Identified the +10 long sword "Keesak" {freeze, rC+}
  3994 | D:5      | Noticed Blork the orc
  3998 | D:5      | Killed Blork the orc
  4571 | D:5      | Noticed Eustachio
  4583 | D:5      | Killed Eustachio
  4584 | D:5      | Reached skill level 7 in Fighting
  4584 | D:5      | Reached skill level 1 in Long Blades
  4733 | D:6      | Reached XP level 8. HP: 63/64 MP: 0/0
  4741 | D:6      | Found the +6 lightning scales {swift, rElec}
  4755 | D:6      | Noticed Dowan
  4755 | D:6      | Noticed Duvessa
  4758 | D:6      | Noticed Prince Ribbit
  4780 | D:6      | Killed Dowan
  4799 | D:6      | Killed Duvessa
  4862 | D:6      | Noticed Menkaure
  4867 | D:6      | Killed Menkaure
  4868 | D:6      | Reached skill level 8 in Fighting
  4883 | D:6      | Killed Prince Ribbit
  4984 | D:6      | Reached XP level 9. HP: 71/71 MP: 0/0
  4984 | D:6      | Learned a level 3 spell: Passwall
  5143 | D:6      | Found a staircase to the Ecumenical Temple.
  5152 | Temple   | Entered the Ecumenical Temple
  5225 | D:6      | Reached skill level 9 in Fighting
  5337 | D:6      | Found a runed translucent gate.
  5338 | D:6      | Found a runed translucent gate.
  5339 | D:6      | Found a runed translucent gate.
  5343 | D:6      | Noticed vival's ghost (novice HuCj)
  5485 | D:6      | Found a sacrificial altar of Ru.
  5485 | D:6      | Found a sparkling altar of Nemelex Xobeh.
  5491 | D:6      | Became a worshipper of Ru the Awakened
  5511 | D:6      | Gained mutation: You cannot train Armour skill. [Ru
                  | sacrifice]
  5511 | D:6      | Reached * piety under Ru
  5547 | D:6      | Found a shadowy altar of Dithmenos.
  5547 | D:6      | Found a glowing silver altar of Zin.
  6151 | D:7      | Reached skill level 10 in Fighting
  6401 | D:7      | Reached skill level 5 in Spellcasting
  6401 | D:7      | Reached skill level 5 in Conjurations
  6401 | D:7      | Reached skill level 5 in Hexes
  6401 | D:7      | Reached skill level 5 in Summonings
  6401 | D:7      | Reached skill level 5 in Necromancy
  6401 | D:7      | Reached skill level 5 in Translocations
  6401 | D:7      | Reached skill level 5 in Fire Magic
  6401 | D:7      | Reached skill level 5 in Ice Magic
  6401 | D:7      | Reached skill level 5 in Air Magic
  6401 | D:7      | Reached skill level 5 in Earth Magic
  6401 | D:7      | Reached skill level 5 in Alchemy
  6401 | D:7      | Reached XP level 10. HP: 72/80 MP: 0/0
  6754 | D:8      | Reached skill level 5 in Long Blades
  6911 | D:8      | Reached skill level 11 in Fighting
  6913 | D:8      | Found a staircase to the Lair.
  7743 | D:8      | Found Seosysew's Armour Boutique.
  7921 | D:8      | Gained mutation: You are somewhat inexperienced. (-1 XL)
                  | [Ru sacrifice]
  7921 | D:8      | Reached XP level 9. HP: 77/77 MP: 0/0
  7921 | D:8      | Reached ** piety under Ru
  7921 | D:8      | Reached *** piety under Ru
  8085 | D:9      | Reached XP level 10. HP: 56/84 MP: 0/0
  8199 | D:9      | Found a staircase to the Orcish Mines.
  8229 | D:9      | Noticed a two-headed ogre
  8238 | D:9      | Killed a two-headed ogre
  8239 | D:9      | Reached skill level 12 in Fighting
  8417 | D:9      | Noticed a three-headed hydra
  8430 | D:9      | HP: 4/85 [three-headed hydra (4)]
  8432 | D:9      | Slain by a three-headed hydra

Illustrated notes

Levels and vault maps discovered:
D:1:      giann_horns, layout_loops_ring
D:2:      kennysheep_six_static_rooms, layout_basic
D:3:      layout_loops_ring, gammafunk_ghost_grave, uniq_crazy_yiuf_cottage,
          uniq_robin, uniq_ijyb
D:4:      layout_basic, jmf_multi_god_temple2, minmay_misc_feat_encased,
          serial_park_tiny_pond, minmay_misc_feat_pillars
D:5:      layout_basic, minmay_holes, uniq_blork_the_orc, uniq_eustachio
D:6:      layout_cave_pools, chequers_temple_overflow_statue_of_worship,
          gammafunk_temple_overflow_statue, temple_pool_b,
          gammafunk_ghost_nasty_kobolds, minmay_crystal_water,
          serial_library_hellmonk_big_corner, st_stairs_10, kennysheep_dice,
          uniq_prince_ribbit1, uniq_menkaure, uniq_duvessa
D:7:      layout_gridville
D:8:      layout_loops_ring, minmay_lair_entry_grove, serial_shops, shop,
          chequers_serial_rivers_room_b, nicolae_straight_to_the_point
D:9:      layout_cave_pools, orc_0_dummy, hangedman_ranch
Temple:   minmay_freezing_vapour_temple

Skill      XL: |  1  2  3  4  5  6  7  8  9 10 |
---------------+-------------------------------+-----
Spellcasting   | 1 2 3 4 5 6 |  6.0
Conjurations   | 1 2 3 4 5 6 |  6.0
Hexes          | 1 2 3 4 5 6 |  6.0
Summonings     | 1 2 3 4 5 6 |  6.0
Necromancy     | 1 2 3 4 5 6 |  6.0
Translocations | 1 2 3 4 5 6 |  6.0
Fire Magic     | 1 2 3 4 5 6 |  6.0
Ice Magic      | 1 2 3 4 5 6 |  6.0
Air Magic      | 1 2 3 4 5 6 |  6.0
Earth Magic    | 1 2 3 4 5 6 |  6.0
Alchemy        | 1 2 3 4 5 6 |  6.0
Fighting       | 4 5 6 7 8 10 12 | 12.4
Long Blades    | 1 3 6 7 |  7.0
Short Blades   | |  2.6
Dodging        | |  3.2

Action                     |  1- 3 |  4- 6 |  7- 9 | 10-12 || total
---------------------------+-------+-------+-------+-------++-------
  Melee: Short sword       |   144 |    76 |       |       ||   220
         Dagger            |       |   137 |    24 |       ||   161
         Unarmed           |       |    20 |       |       ||    20
         Long sword        |       |       |   125 |   112 ||   237
         Staff             |       |       |       |    11 ||    11
  Throw: Dart              |       |     1 |     5 |     3 ||     9
   Cast: Summon Small Mamm |     9 |     6 |       |       ||    15
         Mercury Vapours   |       |     4 |       |       ||     4
         Ozocubu's Armour  |       |       |     3 |     1 ||     4
 Invoke: Sacrifice Durabil |       |       |     1 |       ||     1
         Sacrifice Experie |       |       |     1 |       ||     1
  Evoke: Wand              |       |       |     2 |       ||     2
   Stab: Distracted        |       |       |     1 |       ||     1
 Armour: Robe              |    65 |    74 |    63 |    62 ||   264
         Skin              |       |     3 |       |       ||     3
         Steam dragon scal |       |       |     9 |    37 ||    46
  Dodge: Dodged            |   102 |   128 |    90 |    92 ||   412
